 Dungeon Crawl Stone Soup version 0.23.0-3-gf3c87f2 (webtiles) character file.

Game seed: 14408107762079974852

249 dvd the Magician (level 5, 0/28 HPs)
             Began as a Deep Elf Transmuter on Feb 21, 2019.
             Slain by an elf zombie (5 damage)
             ... in an ossuary.
             The game lasted 00:09:51 (4693 turns).

dvd the Magician (Deep Elf Transmuter)              Turns: 4693, Time: 00:09:52

Health: 0/28       AC:  3    Str:  8    XL:     5   Next: 86%
Magic:  7/14       EV: 14    Int: 18    God:
Gold:   123        SH:  0    Dex: 15    Spells: 7/13 levels left

rFire    + . .     SeeInvis .   c - +0 dagger
rCold    . . .     Gourm    .   (no shield)
rNeg     . . .     Faith    .   b - +0 robe
rPois    .         Spirit   .   l - +0 helmet
rElec    .         Reflect  .   (no cloak)
rCorr    .         Harm     .   (no gloves)
MR       .....                  (no boots)
Stlth    ++........             (no amulet)
HPRegen  0.09/turn              u - ring of protection from fire
MPRegen  0.14/turn              (no ring)

@: no status effects
A: no striking features
a: no special abilities


You were in an ossuary.
You were not hungry.

You visited 1 branch of the dungeon, and saw 4 of its levels.
You also visited: Ossuary.

You collected 123 gold pieces.

Inventory:

Hand Weapons
 c - a +0 dagger (weapon)
 n - a +0 long sword
Missiles
 a - 76 arrows
Armour
 b - a +0 robe (worn)
 h - a +0 buckler
 l - a +0 helmet (worn)
Jewellery
 u - a ring of protection from fire (left hand)
Scrolls
 e - 3 scrolls of teleportation {unknown}
 g - a scroll of fog {unknown}
 i - 3 scrolls of remove curse {unknown}
 k - 5 scrolls of identify {unknown}
 m - a scroll of fear {unknown}
 r - 3 scrolls of immolation {unknown}
 v - a scroll of random uselessness {unknown}
Potions
 f - 3 potions of lignification {unknown}
 j - a potion of ambrosia {unknown}
 o - 2 potions of curing {unknown}
 p - 3 potions of might {unknown}
 q - a potion of brilliance {unknown}
 s - a potion of resistance {unknown}
 w - a potion of mutation {unknown}
Comestibles
 d - 5 rations


   Skills:
 + Level 0.9 Fighting
 + Level 1.0 Short Blades
 + Level 4.1 Dodging
 + Level 1.2 Stealth
 + Level 3.3 Unarmed Combat
 + Level 4.9 Spellcasting
 + Level 3.1 Transmutations
 + Level 0.9 Poison Magic


You had 7 spell levels left.
You knew the following spells:

 Your Spells              Type           Power        Failure   Level  Hunger
a - Beastly Appendage     Tmut           ###...       3%          1    None
b - Sticks to Snakes      Tmut           ###.....     5%          2    #......
c - Spider Form           Tmut/Pois      ##........   17%         3    ###....

Your spell library contained the following spells:

 Spells                   Type           Power        Failure   Level  Hunger
 Ice Form                 Ice/Tmut       ##......     56%         4    ####...
 Blade Hands              Tmut           ###.......   69%         5    ######.


Dungeon Overview and Level Annotations

Branches:
Dungeon (4/15)
 Temple: D:4-7

Altars:
Qazlal
Trog


Message History

The kobold zombie closely misses your adder.
Your adder bites the human zombie.
Your adder completely misses the human zombie.
The kobold zombie closely misses your adder.
Your adder bites the elf zombie but does no damage.
You aren't carrying any items that you can evoke.
Unknown command.
Unknown command.
A kobold zombie comes into view.
Your adder completely misses the elf zombie.
The kobold zombie barely misses your adder. 3 zombies come into view.
Your adder bites the elf zombie.
Your adder barely misses the elf zombie.
The hobgoblin zombie misses your adder. The elf zombie barely misses you.
Your adder bites the elf zombie.
Your adder bites the elf zombie.
The kobold zombie hits you.
* * * LOW HITPOINT WARNING * * *
The elf zombie hits you.
You die...

#..... ....# #....
...# #... ZZ.# #..#
#..# #..+ #Z.# #..##
##Z.# #...####
####...#
#......########.S....#
#..............Z@Z...#
#........∩..∩..Z.Z...#
######################


You could see a hobgoblin zombie, 3 kobold zombies, an elf zombie, a human
zombie and a friendly adder.

Vanquished Creatures
  An eye of draining (D:3)
  An orc priest (D:3)
  3 adders
  An ooze (D:2)
  An adder zombie (Ossuary)
  A worm (D:3)
  2 dart slugs
  A leopard gecko (D:2)
  7 orcs
  4 bats (D:1)
  5 hobgoblins
  5 jackals
  A ball python (D:1)
  A frilled lizard (D:2)
  6 goblins
  8 kobolds
  8 rats
56 creatures vanquished.

Vanquished Creatures (collateral kills)
  4 adders
  An orc (D:3)
  A ball python (D:3)
  A giant cockroach (D:3)
  A goblin (D:2)
  2 hobgoblins
  A bat (D:3)
  A rat (D:2)
12 creatures vanquished.

Grand Total: 68 creatures vanquished

Notes
Turn   | Place    | Note
-------+----------+-------------------------------------------
     0 | D:1      | dvd the Deep Elf Transmuter began the quest for the Orb.
     0 | D:1      | Reached XP level 1. HP: 11/11 MP: 6/6
   736 | D:1      | Reached XP level 2. HP: 14/16 MP: 6/8
  2007 | D:1      | Learned a level 2 spell: Sticks to Snakes
  2257 | D:2      | Reached XP level 3. HP: 13/20 MP: 7/10
  2461 | D:2      | Learned a level 3 spell: Spider Form
  2579 | D:3      | HP: 1/20 [orc priest/divine providence (17)]
  2924 | D:3      | HP: 1/20 [orc priest/divine providence (16)]
  3245 | D:2      | Reached XP level 4. HP: 21/24 MP: 9/12
  3525 | D:3      | Reached skill level 1 in Short Blades
  4112 | D:3      | Found a stormy altar of Qazlal.
  4130 | D:3      | Reached XP level 5. HP: 28/28 MP: 13/13
  4431 | D:3      | Found a bloodstained altar of Trog.
  4431 | D:3      | Noticed an eye of draining
  4450 | D:3      | Killed an eye of draining
  4450 | D:3      | Reached skill level 1 in Stealth
  4633 | D:4      | Found a sand-covered staircase.
  4641 | Ossuary  | Entered an ossuary
  4693 | Ossuary  | Slain by an elf zombie

Skill      XL: |  1  2  3  4  5 |
---------------+----------------+-----
Dodging        | 3 4 |  4.1
Spellcasting   | 4 |  4.9
Short Blades   | 1 |  1.0
Stealth        | 1 |  1.2
Unarmed Combat | 3 |  3.3
Transmutations | 3 |  3.1
Fighting       | |  0.9
Poison Magic   | |  0.9

Action                   |  1- 3 |  4- 6 || total
-------------------------+-------+-------++-------
Melee: Dagger            |   141 |    39 ||   180
       Unarmed           |    20 |    57 ||    77
       Headbutt          |     5 |       ||     5
       Kick              |    25 |     6 ||    31
       Punch             |     1 |     1 ||     2
 Cast: Beastly Appendage |    25 |     4 ||    29
       Sticks to Snakes  |     5 |    12 ||    17
       Spider Form       |     3 |     9 ||    12
 Stab: Sleeping          |     1 |     1 ||     2
       Distracted        |     1 |       ||     1
  Eat: Chunk             |     6 |     4 ||    10
       Ration            |     1 |       ||     1
Armor: Robe              |    48 |     6 ||    54
       Skin              |     1 |     2 ||     3
Dodge: Dodged            |   139 |    66 ||   205
